 Dungeon Crawl Stone Soup version 0.30-a0-778-g2ef04afb54 (console) character file.

Game seed: 15382717933368655937

2065 rlgrobin the Cleaver (level 9, 0/74 HPs)
             Began as a Meteoran Fighter on Feb 16, 2023.
             Was a Believer of Cheibriados.
             Succumbed to a hornet's poison
             ... on level 7 of the Dungeon on Feb 17, 2023.
             The game lasted 00:06:04 (954 turns).

rlgrobin the Cleaver (Meteoran Fighter)              Turns: 954, Time: 00:06:04

Health: 0/74       AC: 10    Str: 25    XL:     9   Next: 79%
Magic:  14/14      EV:  8    Int: 13    God:    Cheibriados [**....]
Gold:   211        SH:  6    Dex: 20    Spells: 8/8 levels left

rFire   . . .      SeeInvis .    a - +1 war axe (spect)
rCold   . . .      Faith    .    c - +0 buckler
rNeg    . . .      Spirit   .    s - +0 chain mail
rPois   .          Reflect  .    (no helmet)
rElec   .          Harm     .    (no cloak)
rCorr   .          Rampage  .    (no gloves)
Will    +....                    (no boots) Stlth
                                 (no amulet)
HPRegen 0.32/turn                g - ring of flight
MPRegen 0.14/turn                (no ring)

@: lethally poisoned (0 -> -7), flying, slowed, glowing, very slow
A: sense surroundings 2, otherworldly, glowing, explore regen
a: Renounce Religion, Bend Time


You were on level 7 of the Dungeon.
You worshipped Cheibriados.
Cheibriados was pleased with you.
You visited 2 branches of the dungeon, and saw 8 of its levels.
You also visited: Ossuary.

You collected 211 gold pieces.

Inventory:

Hand Weapons
 a - a +1 spectral war axe (weapon)
 h - a +0 trident of venom
Missiles
 o - 2 throwing nets (quivered)
Armour
 c - a +0 buckler (worn)
 s - a +0 chain mail (worn)
Jewellery
 g - a ring of flight (left hand)
Scrolls
 j - 3 scrolls of noise {unknown}
 k - 2 scrolls of brand weapon
 l - 2 scrolls of identify {unknown}
 m - 2 scrolls of butterflies {unknown}
 p - a scroll of amnesia {unknown}
Potions
 d - a potion of might
 e - a potion of degeneration {unknown}
 f - 2 potions of attraction {unknown}
 i - 2 potions of heal wounds {unknown}
 n - a potion of berserk rage {unknown}
 q - a potion of lignification {unknown}
 r - a potion of curing {unknown}


   Skills:
 + Level 5.1 Fighting
 - Level 11.6 Axes
 + Level 5.6 Armour
 - Level 3.6 Shields
 - Level 6.1 Invocations


You had 8 spell levels left.
You didn't know any spells.
Your spell library was empty.

Dungeon Overview and Level Annotations

Branches:
Dungeon (7/15) Zot: 5322   Temple (1/1) D:4 Zot: 753 Ossuary (visited)

Altars:
Cheibriados
Dithmenos
Fedhas
Ru
Sif Muna
Trog
Yredelemnul


Innate Abilities, Weirdness & Mutations

You passively map the area around you.
You are easily found by Zot.
You glow in the dark.
You regain HP and MP as you explore.


Message History

You feel yourself speed up.
You feel very sick. You block the hornet's attack.
The hornet stings you but does no damage.
You completely miss the hornet.
The hornet is heavily wounded.
You feel sick. You block the hornet's attack.
You barely miss the hornet.
The hornet is heavily wounded.
You feel sick. The hornet closely misses you. You block the hornet's attack.
You miss the hornet.
The hornet is heavily wounded.
You feel sick. You block the hornet's attack.
You slash the hornet!
The hornet is heavily wounded.
You feel sick. The hornet stings you.
You are more poisoned.
You feel yourself slow down. The hornet barely misses you.
You feel yourself speed up.
You feel very sick. The hornet stings you!
* * * LOW HITPOINT WARNING * * *
You feel yourself slow down. The hornet barely misses you.
You hit the hornet.
The hornet is severely wounded.
Your +1 spectral war axe completely misses the hornet.
You feel very sick. The hornet stings you!
* * * LOW HITPOINT WARNING * * *
You feel as though you will be slow longer.
The hornet completely misses you. The hornet stings you.
* * * LOW HITPOINT WARNING * * *
You suddenly lose the ability to move!
You can move again.
You closely miss the hornet.
The hornet is severely wounded.
Your +1 spectral war axe hits the hornet!
You kill the hornet!
Cheibriados thoroughly appreciates the change of pace.
You die...

#..#.# * #.<#.#
*,#..#.#############
*....#.............#
##.#.#############.#
....#### #.#
.#......# #.# *
#.#.####.##########.#
# #...(@.).........#,
* #.###†############
, * #.# * *, , ,**#.#
, ,, * ..#, , * * ###
* * , * , * *


You could see a friendly +1 spectral war axe (summoned).

Vanquished Creatures
  A hornet (D:7)
  A steam dragon (D:7)
  Pargi (D:3)
  An ice beast (D:5)
  An orc warrior (D:7)
  A phantom (D:5)
  Blork the orc (D:4)
  3 elf zombies
  A bullfrog (D:7)
  2 scorpions
  An elf skeleton (D:4)
  3 necrophages
  3 wights (D:5)
  A wyvern zombie (D:5)
  A bullfrog zombie (D:5)
  2 hounds (D:4)
  2 human zombies
  A jelly (D:5)
  An orc priest (D:7)
  2 gnoll boudas
  A human skeleton (D:4)
  An iguana (D:5)
  4 orc wizards (D:7)
  A hound zombie (Ossuary)
  9 mummies
  7 gnolls
  2 adders
  A white imp (D:7)
  2 ufetubi (D:5)
  2 adder zombies (Ossuary)
  A dart slug (D:2)
  An orc (D:7)
  A bat (D:1)
  An endoplasm (D:2)
  2 giant cockroaches (D:1)
  A goblin (D:4)
  3 hobgoblins
  A kobold (D:4)
  A quokka (D:1)
  2 frilled lizards
  A goblin zombie (Ossuary)
  2 jackal zombies (Ossuary)
  A kobold zombie (Ossuary)
  An orc skeleton (D:4)
  2 orc zombies (Ossuary)
  A rat (D:3)
  2 rat zombies (Ossuary)
84 creatures vanquished.

Notes
Turn   | Place    | Note
-------+----------+-------------------------------------------
     0 | D:1      | rlgrobin the Meteoran Fighter began the quest for the Orb.
     0 | D:1      | Reached XP level 1. HP: 19/19 MP: 2/2
    26 | D:1      | Reached skill level 3 in Axes
    26 | D:1      | Reached XP level 2. HP: 25/26 MP: 3/3
    94 | D:3      | Noticed Pargi
   107 | D:3      | Killed Pargi
   108 | D:3      | Reached skill level 5 in Axes
   108 | D:3      | Reached XP level 3. HP: 14/31 MP: 4/4
   108 | D:3      | Reached XP level 4. HP: 17/38 MP: 5/5
   108 | D:3      | Reached XP level 5. HP: 20/45 MP: 6/6
   170 | D:4      | Noticed a necrophage
   174 | D:4      | Killed a necrophage
   175 | D:4      | Reached skill level 6 in Axes
   175 | D:4      | Reached XP level 6. HP: 47/51 MP: 7/7
   190 | D:4      | Reached skill level 7 in Axes
   196 | D:4      | Found a sand-covered staircase.
   206 | D:4      | Reached skill level 8 in Axes
   206 | D:4      | Reached XP level 7. HP: 43/57 MP: 8/8
   245 | Ossuary  | Entered an ossuary
   257 | Ossuary  | Reached skill level 9 in Axes
   342 | Ossuary  | Identified the +7 dagger of Puehik {antimagic, *Rage Fly
                  | Str+4}
   451 | D:4      | Found a staircase to the Ecumenical Temple.
   461 | Temple   | Entered the Ecumenical Temple
   517 | Temple   | Became a worshipper of Cheibriados the Contemplative
   621 | D:4      | Noticed Blork the orc
   628 | D:4      | Reached XP level 8. HP: 54/63 MP: 9/9
   629 | D:4      | Killed Blork the orc
   630 | D:4      | Reached skill level 10 in Axes
   639 | D:5      | Entered Level 5 of the Dungeon
   646 | D:5      | Reached skill level 11 in Axes
   651 | D:5      | Reached * piety under Cheibriados
   708 | D:5      | Gained mutation: You passively map the area around you.
                  | [Meteoran growth]
   708 | D:5      | Reached XP level 9. HP: 70/70 MP: 9/11
   738 | D:5      | Found a basalt altar of Yredelemnul.
   752 | D:5      | Reached skill level 5 in Invocations
   858 | D:7      | Reached skill level 5 in Armour
   889 | D:7      | Reached ** piety under Cheibriados
   895 | D:7      | Reached skill level 5 in Fighting
   935 | D:7      | Noticed a hornet
   953 | D:7      | HP: 2/74 [hornet (4)]
   953 | D:7      | Paralysed by a hornet for 1 turns
   954 | D:7      | Killed a hornet
   954 | D:7      | Succumbed to a hornet's poison

Illustrated notes

Levels and vault maps discovered:
D:1:      dpeg_arrival_solitude, layout_rooms,
          hellmonk_ecumenical_altar_leap_of_faith, minmay_crystal_room
D:2:      cheibrodos_fertilizer, layout_basic, uniq_natasha
D:3:      layout_rooms, mainiacjoe_overflow_tiny_flanked, uniq_pargi,
          uniq_grinder
D:4:      layout_basic, minmay_temple_entry_statues_pillars,
          nicolae_ossuary_entry_catacombs, uniq_blork_the_orc
D:5:      layout_loops_ring, ashenzari_conservatory_becter,
          lemuel_coloured_pillars_altar, lemuel_mausoleum_altar_yredelemnul,
          minmay_increasing_density, uniq_edmund
D:6:      layout_basic, grunt_temple_overflow_open, serial_shops,
          kennysheep_mini
D:7:      layout_basic
Temple:   hellmonk_temple_beads

Skill      XL: |  1  2  3  4  5  6  7  8  9 |
---------------+----------------------------+-----
Axes           | 3 5 6 8 9 11 | 11.6
Invocations    | 2 6 |  6.1
Armour         | 5 |  5.6
Fighting       | 5 |  5.1
Shields        | |  3.6

Action                     |  1- 3 |  4- 6 |  7- 9 || total
---------------------------+-------+-------+-------++-------
  Melee: War axe           |    19 |    27 |   125 ||   171
    Use: Potion            |     1 |       |     1 ||     2
         Scroll            |       |     3 |       ||     3
   Stab: Distracted        |       |       |     2 ||     2
 Armour: Scale mail        |    12 |    10 |    24 ||    46
         Chain mail        |       |       |     7 ||     7
  Dodge: Dodged            |    16 |     5 |    38 ||    59
  Block: Buckler           |     9 |     3 |    26 ||    38

Table legend: (Time is in decaauts)
 A = Elapsed time spent in this place.
 B = Non-inter-level travel time spent in this place.
 C = Inter-level travel time spent in this place.
 D = Time resting spent in this place.
 E = Time spent auto-exploring this place.
 F = Levels seen in this place.
 G = Mean time per level.
                   A        B        C        D        E       F      G
               +--------+--------+--------+--------+--------+-----+--------+
         Total |   1071 |   1010 |     61 |      0 |      0 |   9 |  119.0 |
       Dungeon |    809 |    809 |      0 |      0 |      0 |   7 |  115.6 |
        Temple |    118 |     57 |     61 |      0 |      0 |   1 |  118.0 |
       Ossuary |    143 |    143 |      0 |      0 |      0 |   1 |  143.0 |
               +--------+--------+--------+--------+--------+-----+--------+

Top non-repeatable levels by time:
     D:4: 254 daAuts
     D:5: 230 daAuts
     D:7: 151 daAuts
 Ossuary: 143 daAuts
  Temple: 118 daAuts
     D:3: 67 daAuts
     D:2: 61 daAuts
     D:1: 35 daAuts
     D:6: 7 daAuts
